 Dungeon Crawl Stone Soup version 0.17-a0-1617-gfba1302 (webtiles) character file.

93 urechis the Skirmisher (level 4, 0/50 HPs)
             Began as an Ogre Fighter on Aug 1, 2015.
             Was an Initiate of Ru.
             Slain by a centaur (7 damage)
             ... on level 3 of the Dungeon.
             The game lasted 00:02:16 (2169 turns).

urechis the Skirmisher (Ogre Fighter)               Turns: 2169, Time: 00:02:16

Health: 0/50       AC:  3    Str: 22    XL:     4   Next: 61%
Magic:  4/4        EV:  8    Int:  7    God:    Ru [......]
Gold:   189        SH:  8    Dex:  9    Spells: 0 memorised, 3 levels left

rFire  . . .     SeeInvis .     a - +0 flail
rCold  . . .     Clarity  .     b - +0 robe
rNeg   . . .     SustAt   .     c - +0 shield
rPois  .         Gourm    .     (helmet restricted)
rElec  .         Spirit   .     (no cloak)
rCorr  .         Warding  .     (gloves unavailable)
rMut   .         Stasis   .     (boots unavailable)
MR     .....                    (no amulet)
Stlth  +.........               (no ring)
                                (no ring)

@: drained, not resistant to hostile enchantments, very unstealthy
A: unfitting armour, tough skin 1
a: Renounce Religion


You were on level 3 of the Dungeon.
You worshipped Ru.
Ru was noncommittal.
You were not hungry.

You visited 1 branch of the dungeon, and saw 3 of its levels.

You collected 189 gold pieces.

Inventory:

Hand weapons
 a - a +0 flail (weapon)
Missiles
 n - 2 curare-tipped needles
Armour
 b - a +0 robe (worn)
 c - a +0 shield (worn)
Scrolls
 f - a scroll of enchant weapon {unknown}
 h - 2 scrolls of noise {unknown}
 i - 3 scrolls of remove curse {unknown}
 j - 2 scrolls of enchant armour {unknown}
 l - 2 scrolls of blinking {unknown}
 m - a scroll of identify {unknown}
 p - a scroll of magic mapping {unknown}
Potions
 d - a potion of might
 g - 3 potions of curing {unknown}
 k - a potion of flight {unknown}
Comestibles
 e - a bread ration


   Skills:
 + Level 5.0(4.3) Fighting
 * Level 4.2(3.5) Maces & Flails
 - Level 2.6(2.0) Dodging
 + Level 3.5(2.8) Shields


You had 3 spell levels left.
You didn't know any spells.

Dungeon Overview and Level Annotations

Branches:
Dungeon (3/15)

Altars:
Makhleb
Nemelex Xobeh
Ru
The Shining One


Innate Abilities, Weirdness & Mutations

You are too large for most types of armour.
You have tough skin (AC +1).


Message History

You see here an adder corpse.
You completely miss the centaur. The centaur hits you. The centaur hits you.
You sock the centaur!
The centaur is moderately wounded.
The centaur hits you! You block the centaur's attack.
You hit the centaur but do no damage.
The centaur is moderately wounded.
The centaur hits you. The centaur barely misses you.
You closely miss the centaur.
The centaur is moderately wounded.
The centaur hits you. The centaur barely misses you.
You sock the centaur!
The centaur is severely wounded.
You block the centaur's attack. x2
You hit the centaur.
The centaur is severely wounded.
The centaur hits you!
* * * LOW HITPOINT WARNING * * *
The centaur hits you!
You die...

# ## . #... . .##.#.#.
####### ...>.... ...
..## .......# #.###..#
.......# #.#...### ###
.......####.#....c# .).#
.......'........@.#.....
.......######..#.....###
#######........#.......#
######.#..##.#####..?..#
...#.#.#........ ..#?..
##......#..#.... .?# ..
.<...........### ## .
#..#.......#.#
..........##..#


You could see a centaur.

Vanquished Creatures
  4 adders
  2 worms (D:2)
  2 giant geckos
  4 giant cockroaches
  4 goblins
  7 hobgoblins
  6 kobolds
  A ball python (D:1)
  6 bats
  4 giant newts
  10 rats
50 creatures vanquished.

Notes
Turn   | Place    | Note
--------------------------------------------------------------
     0 | D:1      | urechis the Ogre Fighter began the quest for the Orb.
     0 | D:1      | Reached XP level 1. HP: 24/24 MP: 1/1
   186 | D:1      | Reached XP level 2. HP: 18/32 MP: 2/2
   562 | D:1      | Found a sparkling altar of Nemelex Xobeh.
  1087 | D:2      | Reached XP level 3. HP: 35/40 MP: 3/3
  1199 | D:2      | Found a sacrificial altar of Ru.
  1217 | D:2      | Became a worshipper of Ru the Awakened
  1561 | D:2      | Found a glowing golden altar of the Shining One.
  1586 | D:3      | Found a burning altar of Makhleb.
  1638 | D:3      | Reached XP level 4. HP: 30/49 MP: 4/4
  1923 | D:3      | Reached skill level 5 in Fighting
  2106 | D:3      | Noticed a centaur
  2169 | D:3      | Slain by a centaur

Vault maps used:
D:1:      lightli_arrival_maybe_door_vault, nemelex_xobeh_ov_fountains_minmay
D:2:      tso_oasis_becter, hangedman_ru_absence
D:3:      bloody_makhleb, first_bread, hangedman_decor_push

Action                   |  1- 3 |  4- 6 || total
-------------------------+-------+-------++-------
Melee: Flail             |   142 |    53 ||   195
  Eat: Chunk             |     2 |     2 ||     4
